 Dungeon Crawl Stone Soup version 0.32-a0-19-g28bc0835a1 (webtiles) character file.

Game seed: 1892535766779633096

10 mopl the Sneak (level 2, 0/20 HPs)
             Began as a Draconian Enchanter on Jan 17, 2024.
             Slain by a hobgoblin (3 damage)
             ... on level 1 of the Dungeon.
             The game lasted 00:00:33 (121 turns).

mopl the Sneak (Draconian Enchanter)                 Turns: 121, Time: 00:00:34

Health: 0/20       AC:  4    Str: 10    XL:     2   Next: 10%
Magic:  5/5        EV: 12    Int: 15    God:
Gold:   13         SH:  0    Dex: 11    Spells: 5/5 levels left

rFire   . . .        a - +1 dagger
rCold   . . .        (no shield)
rNeg    . . .        (body armour unavailable)
rPois   .            (helmet restricted)
rElec   .            (no cloak)
rCorr   .            (no gloves)
SInv    .            (no boots)
Will    .....        (no amulet)
Stlth   ++           (no ring)
HPRegen 0.23/turn    (no ring)
MPRegen 0.09/turn

%: no passive effects
@: no status effects
A: AC +4, unfitting armour, cold-blooded
a: no special abilities


You were on level 1 of the Dungeon.
You visited 1 branch of the dungeon, and saw 1 of its levels.

You collected 13 gold pieces.

Inventory:

Hand Weapons
 a - a +1 dagger (weapon)
Scrolls
 c - a scroll of identify {unknown}
Potions
 b - 2 potions of invisibility
 d - a potion of cancellation {unknown}


   Skills:
 - Level 1.0 Short Blades
 - Level 1.7 Dodging
 + Level 2.9 Stealth
 + Level 2.2 Spellcasting
 + Level 2.9 Hexes


You had 5 spell levels left.
You didn't know any spells.
Your spell library contained the following spells:

 Spells                   Type           Power      Damage    Failure   Level
 Ensorcelled Hibernation  Hex/Ice        12%        N/A       19%         2
 Confusing Touch          Hex            10%        N/A       21%         3
 Tukima's Dance           Hex            10%        N/A       21%         3
 Magic Dart               Conj           4%         1d3       22%         1
 Searing Ray              Conj           2%         2d4       32%         2
 Dazzling Flash           Conj/Hex       12%        N/A       34%         3
 Fulminant Prism          Conj/Alch      0%         3d5       91%         4


Dungeon Overview and Level Annotations

Branches:
Dungeon (1/15)

Altars:


Innate Abilities, Weirdness & Mutations

Your plain brown scales are hard. (AC +4)
You cannot fit into any form of body armour.
You are cold-blooded and may be slowed by cold attacks.


Message History

The bat completely misses you.
You barely miss the bat.
The bat is heavily wounded.
The bat hits you but does no damage. The bat barely misses you.
You barely miss the bat.
Your tail-slap misses the bat.
The bat is heavily wounded.
The bat misses you. The bat barely misses you.
You miss the bat.
The bat is heavily wounded.
The bat closely misses you. The bat hits you but does no damage.
You hit the bat.
You kill the bat!
The jackal bites you but does no damage.
You have reached level 2!
You closely miss the jackal.
Your tail-slap misses the jackal.
The jackal bites you but does no damage.
You hit the jackal.
The jackal is severely wounded.
The jackal bites you.
* * * LOW HITPOINT WARNING * * *
You closely miss the jackal. You tail-slap the jackal.
The jackal is almost dead.
The jackal closely misses you.
You hit the jackal but do no damage.
The jackal is almost dead.
The jackal barely misses you.
The jackal bites you but does no damage.
You closely miss the jackal.
The jackal is almost dead.
The jackal bites you.
* * * LOW HITPOINT WARNING * * *
You barely miss the jackal.
The jackal is almost dead.
The jackal bites you but does no damage.
You hit the jackal.
You kill the jackal!
You hit the hobgoblin.
The hobgoblin is moderately wounded.
The hobgoblin hits you.
You die...

........†.[...$#
........?......#
........†......#
#$............##
##.....#.....##
#.#########.# #
#)# #g# #@###
##.†.####
#.......#
#.#####.### #.#
#...# #.# ##...#
#.# ##...## #.#
#...## #.###...#


You could see a hobgoblin.

Vanquished Creatures
  3 giant cockroaches (D:1)
  2 jackals (D:1)
  3 bats (D:1)
  A kobold (D:1)
9 creatures vanquished.

Notes
Turn   | Place    | Note
-------+----------+-------------------------------------------
     0 | D:1      | mopl the Draconian Enchanter began the quest for the Orb.
     0 | D:1      | Reached XP level 1. HP: 14/14 MP: 3/3
   114 | D:1      | Reached XP level 2. HP: 5/20 MP: 5/5
   121 | D:1      | Slain by a hobgoblin

Illustrated notes

Levels and vault maps discovered:
D:1:      evilmike_arrival_crescent, layout_rooms

Action                     || total
---------------------------++-------
  Melee: Dagger            ||    45
         Tailslap          ||     4
   Stab: Sleeping          ||     1
 Armour: Skin              ||    37
  Dodge: Dodged            ||    41

Table legend: (Time is in decaauts)
 A = Elapsed time spent in this place.
 B = Non-inter-level travel time spent in this place.
 C = Inter-level travel time spent in this place.
 D = Time resting spent in this place.
 E = Time spent auto-exploring this place.
 F = Levels seen in this place.
 G = Mean time per level.
                   A        B        C        D        E       F      G
               +--------+--------+--------+--------+--------+-----+--------+
         Total |    119 |    119 |      0 |      0 |     32 |   1 |  119.0 |
       Dungeon |    119 |    119 |      0 |      0 |     32 |   1 |  119.0 |
               +--------+--------+--------+--------+--------+-----+--------+

Top non-repeatable levels by time:
     D:1: 119 daAuts
